AoeStats
← ogipochi_

Arena

506430676Analyzed
4v4 RM · 20d ago on Sep 13, 2026· 17m 8s· 8 players
Game mode
Random Map
Map size
Large (8 player)
Population
200
Speed
Normal
Resources
Standard
Victory
Conquest
Starting age
Dark Age
Ending age
Imperial Age
RankedLock teamsTeams togetherTeam positionsShared explorationLock speedFull tech treeHidden civsTurbo modeCheats
Victory
Defeat
🇨🇴 Cumans · Colombia
764
+15
🇺🇸 Poles · United States
737
+16
🇷🇺 Vietnamese · Russia
733
+15
🇯🇵 Khitans · Japan
729
+16
🇺🇸 Persians · United States
1117
-29
🇷🇺 Maya · Russia
737
-17
562
-9
507
-7
ogipochi_
5:15 Loom
11:22 Feudal Age
12:07 Double-Bit Axe
12:03 Domestication
12:15 Gold Mining
13:04 Wheelbarrow
12:57 Arson
13:09 Man-at-Arms
14:06 Forging
13:56 Scale Mail Armor
17:03 Wheelbarrow
16:46 Scale Mail Armor
jotap07
0:30 Loom
2:04 Loom
13:54 Feudal Age
19:03 Castle Age
Pino
5:19 Loom
5:34 Loom
10:26 Feudal Age
10:48 Horse Collar
10:56 Double-Bit Axe
14:27 Town Watch
15:25 Man-at-Arms
17:22 Arson
17:01 Man-at-Arms
Light
MyGO!!!!! Dr. Shiina Taki
11:26 Feudal Age
15:10 Castle Age
13:23 Loom
14:37 Double-Bit Axe
15:31 Scale Mail Armor
那天人多没轮到我
0:26 Loom
14:17 Feudal Age
twitch@KSroido
0:30 Loom
10:58 Feudal Age
15:07 Castle Age
13:38 Double-Bit Axe
14:09 Horse Collar
15:48 Heavy Plow
16:11 Town Watch
DATINGSA
10:28 Feudal Age
14:11 Castle Age
12:14 Double-Bit Axe
12:38 Horse Collar
14:48 Loom
15:59 Gold Mining
Connection lost

Rejoining the realm…

Still unreachable

The connection could not be restored.

Session expired

The server has moved on; the page needs a fresh start.